[Event "Team 45 45 League T76"]
[Site "Internet Chess Club"]
[Date "2018.04.07"]
[Round "3"]
[White "Manas"]
[Black "walkover"]
[Result "1/2-1/2"]
[WhiteElo "1650"]
[BlackElo "1708"]
[Opening "Sicilian: closed"]
[ECO "B23"]
[Time "07:30:28"]
[TimeControl "2700+45"]

1. e4 c5 2. Nc3 a6 3. a4 Nc6 4. f4 e6 5. Nf3 d5 6. d3 d4 7. Ne2 Nf6 8. Ng3 h5 9.
h4 Ne7 10. Ne5 Qc7 11. Be2 g6 12. O-O Bh6 13. a5 Bd7 14. Nc4 Nc8 15. Qe1 b5 16.
axb6 Nxb6 17. Nxb6 Qxb6 18. b3 Qc7 19. f5 Bxc1 20. Rxc1 exf5 21. exf5 O-O 22.
fxg6 fxg6 23. Bf3 Rae8 24. Ne4 Nd5 25. Qg3 Nf4 26. Bxh5 Rxe4 27. Rxf4 Qxf4 28.
Qxg6+ Kh8 29. Qxe4 Qxc1+ 30. Kh2 Qf4+ 31. Qxf4 Rxf4 32. Kg3 Rf1 33. Bf3 Rc1 34.
Kf4 Rxc2 35. g4 Rc3 36. Be4 Rxb3 37. h5 a5 38. g5 a4 39. h6 a3 40. Ke5 a2 41. g6
a1=Q 42. g7+ Kg8 43. Bd5+ Kh7 44. g8=Q+ Kxh6 45. Bxb3 Qe1+ 46. Kd6 {Game drawn
by mutual agreement} 1/2-1/2

[Event "Team 45 45 League T76"]
[Site "Internet Chess Club"]
[Date "2018.04.07"]
[Round "3"]
[White "mongmong"]
[Black "rubo"]
[Result "1/2-1/2"]
[WhiteElo "1513"]
[BlackElo "1591"]
[Opening "King's Indian, 3.Nf3"]
[ECO "E61"]
[Time "19:01:13"]
[TimeControl "2700+45"]

1. d4 Nf6 2. Nf3 g6 3. c4 Bg7 4. Nc3 O-O 5. Bg5 d6 6. e3 Bg4 7. Be2 Nbd7 8. O-O
c6 9. Qc2 Re8 10. h3 Bxf3 11. Bxf3 e5 12. dxe5 Nxe5 13. Be2 Qc7 14. Rad1 Re6 15.
Bf4 Rd8 16. Bxe5 dxe5 17. Rxd8+ Qxd8 18. Rd1 Rd6 19. Rxd6 Qxd6 20. e4 Bh6 21.
Qd3 Qxd3 22. Bxd3 Bc1 23. Nd1 a5 24. f3 b6 25. b3 Nh5 26. Kf2 Nf4 27. Bb1 h5 28.
Nc3 Bb2 29. Ne2 Ne6 30. Ke3 Bd4+ 31. Kd3 c5 32. Kd2 h4 33. Kd3 Kg7 34. Kd2 Kh6
35. Ke1 Kg5 36. Kf1 Nf4 37. Nxf4 Kxf4 38. Ke2 {Game drawn by mutual agreement}
1/2-1/2

[Event "Team 45 45 League T76"]
[Site "Internet Chess Club"]
[Date "2018.04.07"]
[Round "3"]
[White "Constrictor"]
[Black "zethhon"]
[Result "1-0"]
[WhiteElo "1582"]
[BlackElo "1312"]
[Opening "Nimzovich-Larsen attack: modern variation"]
[ECO "A01"]
[Time "21:00:30"]
[TimeControl "2700+45"]

1. b3 e5 2. Bb2 Nc6 3. e3 d5 4. Bb5 Bd7 5. Bxc6 Bxc6 6. Bxe5 Nf6 7. Nf3 Bd6 8.
d4 O-O 9. O-O Bb5 10. Re1 Ng4 11. Bxd6 Qxd6 12. Nbd2 Rfe8 13. c4 dxc4 14. bxc4
Bc6 15. d5 Bd7 16. Nf1 Qg6 17. Ng3 Rad8 18. Qb1 Qh6 19. Qxb7 c6 20. Rad1 c5 21.
Qc7 Ba4 22. Rb1 Rc8 23. Qf4 Qg6 24. Nh4 Qf6 25. Qxg4 Re5 26. Qxc8+ Re8 27. Qf5
Qxh4 28. Rb7 f6 29. Reb1 Qxc4 30. Rb8 Kf8 31. Rxe8+ Kxe8 32. Qe6+ Kd8 33. Rb8+
Kc7 34. d6+ Kxb8 35. Qxc4 Bd7 36. Qxc5 Be6 37. Qc7+ Ka8 38. d7 Bxa2 39. d8=R#
{Black checkmated} 1-0

[Event "Team 45 45 League T76"]
[Site "Internet Chess Club"]
[Date "2018.04.07"]
[Round "3"]
[White "Kingofknights"]
[Black "g8wrb"]
[Result "1/2-1/2"]
[WhiteElo "1460"]
[BlackElo "1304"]
[Opening "Nimzo-Indian: 4.e3 O-O, 5.Bd3"]
[ECO "E47"]
[Time "09:03:46"]
[TimeControl "2700+45"]

1. d4 e6 2. c4 Nf6 3. Nc3 Bb4 4. e3 O-O 5. Bd3 b6 6. Ne2 Bb7 7. O-O Nc6 8. a3
Bd6 9. e4 e5 10. d5 Ne7 11. Nb5 Ng6 12. Nxd6 cxd6 13. f4 exf4 14. Nxf4 Ne5 15.
Qe2 Re8 16. Bd2 Nxd3 17. Qxd3 Nxe4 18. Be3 Qh4 19. Bd4 Re7 20. Rf3 Rae8 {Game
drawn by mutual agreement} 1/2-1/2

[Event "Team 45 45 League T76"]
[Site "Internet Chess Club"]
[Date "2018.04.09"]
[Round "3"]
[White "SeniorCitizen"]
[Black "smsxman"]
[Result "0-1"]
[WhiteElo "1221"]
[BlackElo "1320"]
[Opening "French defense"]
[ECO "C01"]
[Time "08:00:26"]
[TimeControl "2700+45"]

1. e4 e6 2. d4 Nc6 3. c3 d5 4. e5 Bd7 5. Nf3 Nge7 6. Be2 a6 7. O-O Na7 8. Nbd2
Nec6 9. Nb3 Be7 10. Be3 b5 11. Qd2 Nc8 12. Bg5 Nb6 13. Nc5 Qc8 14. Bxe7 Nxe7 15.
Qg5 Ng6 16. h4 h6 17. Qg4 Rg8 18. h5 Ne7 19. Bd3 Na4 20. Nxa4 bxa4 21. Nd2 Bb5
22. Qe2 Bxd3 23. Qxd3 Rh8 24. Qc2 Qd7 25. a3 Qc6 26. Rab1 Nf5 27. Nf3 Rb8 28.
Rfc1 Ke7 29. c4 Rb6 30. cxd5 Qxc2 31. Rxc2 Kd7 32. dxe6+ fxe6 33. Rc4 Rf8 34.
Rxa4 Ne7 35. Rc4 Nd5 36. b4 Rf5 37. a4 Rxh5 38. b5 axb5 39. Rxb5 Ra6 40. g3 Nb6
41. Rbc5 Nxc4 42. Rxc4 c6 43. Kg2 g5 44. Nh2 Ra5 45. Ng4 Ke7 46. Rxc6 Rxa4 47.
Rd6 Ra1 48. Rb6 Rhh1 49. Rb7+ Kf8 50. Rb8+ Kg7 51. Rb7+ Kg6 52. Ne3 h5 53. d5
exd5 54. Nxd5 g4 55. Rb6+ Kg5 56. f4+ gxf3+ 57. Kxf3 Rhf1+ 58. Ke4 Ra2 59. Ne7
Ra4+ 60. Kd5 Rd1+ 61. Ke6 Rg1 62. Kf7 Rf1+ 63. Ke6 Kg4 64. Kd7 Rd1+ 65. Ke8 Ra8+
66. Kf7 Kxg3 67. Rg6+ Kf4 68. e6 h4 69. Rh6 Kg4 70. Ng6 Rf1+ 71. Ke7 h3 72. Rh4+
Kg3 73. Rh5 h2 74. Rg5+ Kh3 75. Rh5+ Kg2 {White resigns} 0-1

[Event "Team 45 45 League T76"]
[Site "Internet Chess Club"]
[Date "2018.04.09"]
[Round "3"]
[White "idjit"]
[Black "KidRattler"]
[Result "0-1"]
[WhiteElo "1508"]
[BlackElo "1609"]
[Opening "Scandinavian (center counter) defense"]
[ECO "B01"]
[Time "18:17:33"]
[TimeControl "2700+45"]

1. e4 d5 2. exd5 Qxd5 3. d4 Qa5+ 4. Nc3 c6 5. Bd2 Qc7 6. Nf3 Nf6 7. Bc4 Bg4 8.
Qe2 e6 9. O-O-O Nbd7 10. h3 Bh5 11. Rhe1 O-O-O 12. Kb1 Bd6 13. g4 Bg6 14. Ne5
Bxe5 15. dxe5 Nd5 16. f4 N7b6 17. Bb3 h5 18. Qf3 hxg4 19. hxg4 Nd7 20. Qf2 Qb6
21. Qf3 Nc5 22. Na4 Nxa4 23. Bxa4 Rh2 24. Kc1 Rf2 25. Qg3 Rh8 26. Be3 Nxe3 27.
Qxf2 Nxd1 28. Kxd1 Qxf2 {White resigns} 0-1

[Event "Team 45 45 League T76"]
[Site "Internet Chess Club"]
[Date "2018.04.10"]
[Round "3"]
[White "herrahuu"]
[Black "Pawnchain"]
[Result "1-0"]
[WhiteElo "1460"]
[BlackElo "1380"]
[Opening "French: King's Indian attack"]
[ECO "C00"]
[Time "07:00:16"]
[TimeControl "2700+45"]

1. e4 e6 2. d3 Nc6 3. f4 d5 4. Nd2 dxe4 5. dxe4 e5 6. Bb5 exf4 7. Ngf3 Bd7 8.
O-O Qe7 9. Nc4 Qc5+ 10. Kh1 Qxb5 11. Na3 Bxa3 12. bxa3 Nf6 13. Bxf4 O-O 14. Bxc7
Rac8 15. Bd6 Rfe8 16. Rb1 Qa6 17. e5 Ne4 18. Bb4 Bg4 19. h3 Be6 20. Qe1 Nxb4 21.
Qxe4 Nxa2 22. Ng5 g6 23. Qh4 h5 24. Ne4 Qc4 25. Nf6+ Kg7 {Black resigns} 1-0

[Event "Team 45 45 League T76"]
[Site "Internet Chess Club"]
[Date "2018.04.08"]
[Round "3"]
[White "liujf"]
[Black "stanbeers"]
[Result "1/2-1/2"]
[WhiteElo "1606"]
[BlackElo "1429"]
[Opening "Philidor: Hanham variation"]
[ECO "C41"]
[Time "20:01:19"]
[TimeControl "2700+45"]

1. e4 e5 2. Nf3 d6 3. d4 Nd7 4. Nc3 Be7 5. Bc4 h6 6. O-O c6 7. Be3 Ngf6 8. a3
Qc7 9. h3 exd4 10. Nxd4 Ne5 11. Ba2 O-O 12. f4 Ng6 13. Qe1 a6 14. Qg3 c5 15.
Qxg6 cxd4 16. Bxd4 Be6 17. Bxe6 fxe6 18. Rf3 Qc4 19. Rd1 Rad8 20. Rg3 Rf7 21. e5
dxe5 22. Bxe5 Rxd1+ 23. Nxd1 Qd5 24. Nc3 b5 25. Qxh6 Qd2 26. Qg6 Qe1+ 27. Kh2
Bc5 28. Ne2 Qxe2 29. Bxf6 Qe1 30. h4 Qg1+ 31. Kh3 Qh1+ 32. Kg4 Qd1+ 33. Kh3 Qh1+
34. Kg4 Qd1+ 35. Kh3 Qh1+ {Game drawn by repetition} 1/2-1/2

[Event "Team 45 45 League T76"]
[Site "Internet Chess Club"]
[Date "2018.04.09"]
[Round "3"]
[White "Just-Jim"]
[Black "oldprez1"]
[Result "1-0"]
[WhiteElo "1128"]
[BlackElo "1246"]
[Opening "King's Indian: East Indian defense"]
[ECO "A48"]
[Time "16:00:24"]
[TimeControl "2700+45"]

1. Nf3 Nf6 2. d4 g6 3. Nc3 Bg7 4. Bf4 O-O 5. e3 d6 6. h3 Nc6 7. Be2 Re8 8. a3 e5
9. dxe5 dxe5 10. Qxd8 Rxd8 11. Bg5 h6 12. Bh4 g5 13. Bg3 Nh5 14. O-O Nxg3 15.
fxg3 e4 16. Nh2 Na5 17. Nb5 c6 18. Nc7 Rb8 19. Rab1 Be5 20. b4 Bxc7 21. bxa5 Be6
22. Rb4 Bxa5 23. Rxe4 Bc7 24. Bg4 Re8 25. Bxe6 Rxe6 26. Rxe6 fxe6 27. Ng4 Rf8
28. Nxh6+ Kg7 29. Ng4 Rxf1+ 30. Kxf1 Bxg3 31. Ke2 Bd6 32. a4 a5 33. Kd3 Kg6 34.
Nf2 b6 35. c4 Kh5 36. Ne4 Bc5 37. Nxc5 bxc5 38. Ke4 Kh4 39. Ke5 Kg3 40. Kxe6
Kxg2 41. Kf5 Kxh3 42. Kxg5 Kg3 43. e4 Kf3 44. e5 Ke4 45. e6 Kd4 46. e7 Kxc4 47.
e8=Q Kb4 48. Qxc6 {Black resigns} 1-0

[Event "Team 45 45 League T76"]
[Site "Internet Chess Club"]
[Date "2018.04.08"]
[Round "3"]
[White "noblitz-oblige"]
[Black "kutch"]
[Result "1-0"]
[WhiteElo "1512"]
[BlackElo "1521"]
[Opening "Giuoco Piano"]
[ECO "C54"]
[Time "21:01:02"]
[TimeControl "2700+45"]

1. e4 e5 2. Nf3 Nc6 3. Bc4 Bc5 4. c3 Nf6 5. d3 d6 6. h3 a6 7. Nbd2 O-O 8. O-O
Be6 9. b4 Ba7 10. Qb3 d5 11. exd5 Bxd5 12. Re1 Re8 13. Ne4 Bxc4 14. Qxc4 h6 15.
Be3 Bxe3 16. Nxf6+ Qxf6 17. Rxe3 Rad8 18. Rae1 Qd6 19. d4 Qd5 20. Qxd5 Rxd5 21.
Nxe5 Nxe5 22. Rxe5 Rdxe5 23. Rxe5 Kf8 24. Rxe8+ Kxe8 25. f3 b5 26. Kf2 Ke7 27.
Ke3 Ke6 28. Ke4 f5+ 29. Kd3 Kd5 30. g3 g5 31. g4 f4 32. c4+ bxc4+ 33. Kc3 Kd6
34. Kxc4 Kc6 35. a4 Kd6 36. d5 Kd7 37. Kc5 Ke7 38. Kc6 Kd8 39. a5 Kc8 40. b5
axb5 41. Kxb5 Kd8 42. Kc6 {Black resigns} 1-0

[Event "Team 45 45 League T76"]
[Site "Internet Chess Club"]
[Date "2018.04.10"]
[Round "3"]
[White "clarinetref"]
[Black "fao9944"]
[Result "0-1"]
[WhiteElo "1486"]
[BlackElo "1541"]
[Opening "French: exchange variation"]
[ECO "C01"]
[Time "08:06:26"]
[TimeControl "2700+45"]

1. e4 e6 2. d4 d5 3. exd5 exd5 4. Bd3 Bd6 5. Nf3 Ne7 6. Nc3 O-O 7. Be3 c6 8. h4
Bg4 9. Bxh7+ Kh8 10. Bd3 Nd7 11. h5 Qb6 12. h6 g6 13. Qc1 Nf5 14. Bxf5 Bxf5 15.
h7 Rae8 16. Kf1 Re7 17. Ne5 Bxe5 18. dxe5 d4 19. Bg5 f6 20. exf6 Nxf6 21. Ne2
Qb5 22. Qd2 Bxc2 23. Re1 Qxb2 24. Qxd4 Qxd4 25. Nxd4 Bd3+ 26. Ne2 Rxh7 27. Rxh7+
Kxh7 28. f3 Ne4 29. Bh4 Nc3 30. Kf2 Nxe2 31. Rh1 Kg7 32. Bg5 Rf5 33. Bh6+ Kf7
34. Be3 Ba6 35. Bxa7 Ra5 36. Ra1 Nc3 37. a3 Nb5 38. Bc5 Ra4 39. Bb4 b6 40. Re1
c5 41. Bd2 Rxa3 42. Bg5 Nd4 43. Re7+ Kf8 44. Rd7 Bd3 45. Rb7 Ra2+ 46. Kg3 Nf5+
47. Kh3 Bf1 48. Rxb6 Rxg2 49. Rf6+ Kg7 50. f4 Rxg5+ 51. Kh2 Rh5+ 52. Kg1 Kxf6
53. Kxf1 {White resigns} 0-1

[Event "Team 45 45 League T76"]
[Site "Internet Chess Club"]
[Date "2018.04.08"]
[Round "3"]
[White "chesskix"]
[Black "sdcohle"]
[Result "0-1"]
[WhiteElo "1396"]
[BlackElo "1362"]
[Opening "Old Indian defense"]
[ECO "A42"]
[Time "21:02:34"]
[TimeControl "2700+45"]

1. d4 d6 2. c4 c6 3. Nc3 Nf6 4. Bf4 Qc7 5. e3 e5 6. Bg3 Be7 7. h3 O-O 8. c5 Rd8
9. Bd3 exd4 10. exd4 Qd7 11. Nge2 dxc5 12. Be5 cxd4 13. Bxd4 c5 14. Bxf6 Bxf6
15. Bb5 Qxd1+ 16. Rxd1 a6 17. Rxd8+ Bxd8 18. Bd3 Nc6 19. O-O Be6 20. Nf4 Nd4 21.
Be4 Rb8 22. b3 Bf6 23. Ncd5 Be5 24. Nxe6 Nxe6 25. Ne3 b6 26. Nc4 Bf6 27. Rd1 Nd4
28. Kf1 g6 29. Ne3 Bg7 30. Nd5 Kf8 31. f3 f5 32. Bd3 b5 33. Nc7 Rb6 34. Re1 Rc6
35. Nd5 Rd6 36. Nf4 Bh6 37. Ne2 Nxf3 38. Rd1 Nd2+ {White resigns} 0-1

[Event "Team 45 45 League T76"]
[Site "Internet Chess Club"]
[Date "2018.04.09"]
[Round "3"]
[White "Aquaman"]
[Black "OGO"]
[Result "1-0"]
[WhiteElo "1270"]
[BlackElo "1363"]
[Opening "Queen's pawn"]
[ECO "A40"]
[Time "21:31:11"]
[TimeControl "2700+45"]

1. d4 e6 2. Nc3 g6 3. e4 Bg7 4. Be3 Ne7 5. Qd2 O-O 6. Bh6 Nbc6 7. Bxg7 Kxg7 8.
Nf3 a6 9. Be2 d6 10. d5 Ne5 11. Nxe5 dxe5 12. Rd1 b5 13. a3 f5 14. O-O c5 15. d6
Nc6 16. exf5 exf5 17. Qd5 Qb6 18. d7 Bb7 19. Qd6 Rf6 20. Nd5 Rxd6 21. Nxb6 Rxd1
22. Rxd1 Rd8 23. c3 Kf6 24. Bf3 e4 25. Be2 Ne5 26. f4 Nc6 27. g4 Nb8 28. gxf5
gxf5 29. Bh5 Ke7 30. Be8 Nxd7 31. Bxd7 Bc6 32. Nc8+ Kf7 33. Be6+ Ke8 34. Bf7+
Kxf7 35. Rxd8 {Black resigns} 1-0

[Event "Team 45 45 League T76"]
[Site "Internet Chess Club"]
[Date "2018.04.08"]
[Round "3"]
[White "kllrchris"]
[Black "calsal"]
[Result "0-1"]
[WhiteElo "1679"]
[BlackElo "1733"]
[Opening "Scandinavian defense"]
[ECO "B01"]
[Time "17:09:32"]
[TimeControl "2700+45"]

1. e4 d5 2. exd5 Nf6 3. d4 Bg4 4. Bb5+ Nbd7 5. f3 Bf5 6. Nc3 a6 7. Ba4 b5 8. Bb3
Nb6 9. Nge2 Nfxd5 10. Nxd5 Nxd5 11. O-O g6 12. Ng3 Bc8 13. a4 b4 14. Ne4 Bg7 15.
Re1 O-O 16. Bg5 h6 17. Bh4 a5 18. Qd2 c6 19. Rad1 g5 20. Bg3 Bf5 21. Nc5 Re8 22.
Kh1 Qb6 23. Bf2 Rad8 24. Qe2 Qc7 25. Bg3 Nf4 26. Qc4 e5 27. dxe5 Rxd1 28. Rxd1
Bxe5 29. Re1 Rd8 30. Qxf7+ Qxf7 31. Bxf7+ Kxf7 32. Rxe5 Kf6 33. Re1 Rd2 34. Bxf4
gxf4 35. Rc1 Rxc2 36. Rxc2 Bxc2 37. Nb7 Ke5 38. Nxa5 Kd5 39. b3 c5 40. Kg1 c4
41. bxc4+ Kc5 42. g4 Kb6 43. h4 Kxa5 44. c5 b3 {White resigns} 0-1

[Event "Team 45 45 League T76"]
[Site "Internet Chess Club"]
[Date "2018.04.09"]
[Round "3"]
[White "SirIvanhoe"]
[Black "WillC"]
[Result "1/2-1/2"]
[WhiteElo "1594"]
[BlackElo "1680"]
[Opening "Sicilian: closed, Korchnoi variation"]
[ECO "B23"]
[Time "19:01:57"]
[TimeControl "2700+45"]

1. e4 c5 2. Nc3 e6 3. g3 d5 4. exd5 exd5 5. Bg2 Nf6 6. d3 Be7 7. Nge2 O-O 8. O-O
Nc6 9. Bg5 d4 10. Bxf6 Bxf6 11. Nd5 Be6 12. Nxf6+ Qxf6 13. Nf4 Rab8 14. Qd2 Rfe8
15. Bxc6 bxc6 16. Nxe6 Rxe6 17. b3 {Game drawn by mutual agreement} 1/2-1/2

[Event "Team 45 45 League T76"]
[Site "Internet Chess Club"]
[Date "2018.04.08"]
[Round "3"]
[White "JohLeb"]
[Black "Chess4Him"]
[Result "0-1"]
[WhiteElo "1612"]
[BlackElo "1543"]
[Opening "Modern defense"]
[ECO "A40"]
[Time "21:00:47"]
[TimeControl "2700+45"]

1. d4 g6 2. c4 Bg7 3. Nf3 d6 4. Nc3 Nd7 5. e4 e5 6. Be3 Nh6 7. h3 f6 8. Qd2 Nf7
9. Be2 b6 10. b4 a5 11. b5 Bb7 12. d5 Qe7 13. O-O g5 14. Nh2 h5 15. a4 Nf8 16.
g4 Bc8 17. Kg2 hxg4 18. Nxg4 Ng6 19. Rh1 Nh4+ 20. Kg3 Bd7 21. f3 O-O-O 22. Bf2
Rh7 23. Rh2 Rdh8 24. Rah1 Ng6 25. Be3 Nf4 26. Bf1 Nh6 27. Ne2 Qf7 28. Nxh6 Rxh6
29. Bxf4 gxf4+ 30. Kf2 Qh5 31. Ke1 Rg6 32. Rg1 Rhh6 33. Rxg6 Rxg6 34. Rg2 Rxg2
35. Bxg2 Bxh3 36. Ng1 Bd7 37. Qf2 f5 38. Bh3 Bf6 39. Kd2 fxe4 40. Bxd7+ Kxd7 41.
fxe4 Bh4 42. Qf3 Qg5 43. Nh3 Qg6 44. Ke2 Bg3 45. Nf2 Bxf2 46. Kxf2 Ke7 47. Qg2
Qxg2+ 48. Kxg2 Kf6 49. Kf3 Kg5 {White resigns} 0-1

[Event "Team 45 45 League T76"]
[Site "Internet Chess Club"]
[Date "2018.04.07"]
[Round "3"]
[White "BrerRabbit"]
[Black "Scorpius"]
[Result "0-1"]
[WhiteElo "1444"]
[BlackElo "1324"]
[Opening "Queen's pawn: London system"]
[ECO "A45"]
[Time "19:05:47"]
[TimeControl "2700+45"]

1. d4 Nf6 2. Bf4 g6 3. e3 Bg7 4. Nf3 d6 5. Be2 Bf5 6. O-O Nbd7 7. h3 h5 8. Nbd2
c6 9. Nh4 Qc7 10. Nxf5 gxf5 11. Bh2 O-O-O 12. Bd3 e6 13. Nc4 Nb6 14. Nd2 Qe7 15.
c4 Rdg8 16. b4 Bh6 17. Qc2 Ng4 18. Bg3 Nxe3 19. fxe3 Rxg3 20. Nf3 Rhg8 21. Qe2
Rxg2+ 22. Qxg2 Rxg2+ 23. Kxg2 Bxe3 24. Rfe1 f4 25. Nh2 Qg5+ 26. Kh1 Qg3 27. Be2
Qxh3 28. c5 dxc5 29. dxc5 Nd5 30. Bf1 Qg3 31. Be2 Nf6 32. Red1 Ng4 33. Bxg4 hxg4
34. Rd3 f3 35. Rad1 Qg2# {White checkmated} 0-1

[Event "Team 45 45 League T76"]
[Site "Internet Chess Club"]
[Date "2018.04.07"]
[Round "3"]
[White "Packerfan"]
[Black "Heian"]
[Result "1-0"]
[WhiteElo "1699"]
[BlackElo "1646"]
[Opening "Two knights defense"]
[ECO "C55"]
[Time "14:30:26"]
[TimeControl "2700+45"]

1. e4 e5 2. Nf3 Nc6 3. Bc4 Nf6 4. d4 Nxe4 5. dxe5 Nc5 6. Nc3 Be7 7. O-O Ne6 8.
a3 d6 9. exd6 Bxd6 10. Nb5 a6 11. Nxd6+ Qxd6 12. Qxd6 cxd6 13. Rd1 Ne5 14. Nxe5
dxe5 15. Re1 O-O 16. Rxe5 Nd4 17. Bd3 Be6 18. Bd2 Rac8 19. Bc3 Nc6 20. Re2 Ne7
21. Bb4 Rfe8 22. Bxe7 Rxe7 23. Bf5 Rce8 24. Bxe6 Rxe6 25. Rxe6 Rxe6 26. Kf1 Kf8
27. Rd1 Ke7 28. Re1 Kd6 29. Rxe6+ Kxe6 30. Ke2 Kd5 31. Ke3 g5 32. g4 a5 33. f4
f6 34. f5 Kc4 35. Ke4 b5 36. b3+ Kc3 37. Kd5 Kxc2 38. Ke6 Kxb3 39. Kxf6 b4 40.
axb4 a4 41. Kxg5 a3 42. f6 a2 43. f7 a1=Q 44. f8=Q Qe5+ 45. Qf5 Qxh2 46. Qf3+
Ka4 47. Qf4 Qc2 48. b5+ Ka5 49. Qf5 Qd2+ 50. Kf6 Qd6+ 51. Kg7 Qe7+ 52. Kg8 h6
53. b6+ Kxb6 54. Qg6+ Kb5 55. Qh5+ Qg5+ 56. Qxg5+ hxg5 57. Kg7 Kc6 58. Kg6 Kd7
59. Kxg5 Ke7 60. Kg6 Kf8 61. Kh7 Kf7 62. g5 Kf8 63. g6 {Black resigns} 1-0

[Event "Team 45 45 League T76"]
[Site "Internet Chess Club"]
[Date "2018.04.05"]
[Round "3"]
[White "tryanything"]
[Black "QuieroAprender"]
[Result "1/2-1/2"]
[WhiteElo "1522"]
[BlackElo "1526"]
[Opening "Queen's pawn: London system"]
[ECO "A45"]
[Time "19:10:29"]
[TimeControl "2700+45"]

1. d4 Nf6 2. Bf4 d6 3. e3 g6 4. Be2 Bg7 5. c3 O-O 6. Nf3 b6 7. Nbd2 c5 8. O-O
Nbd7 9. h3 Ne8 10. d5 e5 11. dxe6 fxe6 12. Bg5 Bf6 13. Bxf6 Qxf6 14. Ne4 Qe7 15.
Qd2 d5 16. Ng3 Bb7 17. Rad1 Ng7 18. e4 Rad8 19. exd5 exd5 20. Rfe1 Qf7 21. b3
Ne6 22. Bf1 Nf4 23. Ne5 Nxe5 24. Rxe5 Qc7 25. Rde1 Rf7 26. Re8+ Kg7 27. Rxd8
Qxd8 28. Qe3 Qf6 29. f3 Qg5 30. Qe5+ Qf6 31. Qxf6+ Kxf6 32. Kf2 Re7 33. Rxe7
Kxe7 34. Ke3 Ne6 35. Bd3 Kf6 36. Ne2 h6 37. h4 h5 38. g3 d4+ 39. cxd4 cxd4+ 40.
Nxd4 Nxd4 41. Kxd4 Bxf3 {Game drawn by mutual agreement} 1/2-1/2

[Event "Team 45 45 League T76"]
[Site "Internet Chess Club"]
[Date "2018.04.09"]
[Round "3"]
[White "Hectormercado"]
[Black "clarinetref"]
[Result "1-0"]
[WhiteElo "1488"]
[BlackElo "1501"]
[Opening "Robatsch (modern) defense"]
[ECO "B06"]
[Time "20:07:56"]
[TimeControl "2700+45"]

1. e4 g6 2. d4 Bg7 3. Nf3 d6 4. Bc4 e6 5. Nc3 Nf6 6. Bg5 O-O 7. Qc1 Qe8 8. Bh6
Nxe4 9. Nxe4 d5 10. Ng3 dxc4 11. Bxg7 Kxg7 12. Qg5 Qd8 13. Nh5+ Kh8 14. Qh6 Rg8
15. Ng5 Qxg5 16. Qxg5 gxh5 17. Qf6+ Rg7 18. Qd8+ Rg8 19. Qxc7 Bd7 20. Qxb7 Bc6
21. Qxf7 Bd5 22. Rg1 Nc6 23. g4 Nxd4 24. Qf6+ Rg7 25. Qxd4 hxg4 26. Rxg4 Rg8
{Black resigns} 1-0

[Event "Team 45 45 League T76"]
[Site "Internet Chess Club"]
[Date "2018.04.07"]
[Round "3"]
[White "fireball"]
[Black "az2112"]
[Result "1-0"]
[WhiteElo "1593"]
[BlackElo "1528"]
[Opening "Sicilian: Smith-Morra gambit"]
[ECO "B21"]
[Time "11:05:25"]
[TimeControl "2700+45"]

1. e4 c5 2. d4 cxd4 3. c3 dxc3 4. Nxc3 Nc6 5. Nf3 d6 6. Bc4 Nf6 7. O-O e6 8. Qe2
Be7 9. Rd1 Bd7 10. Nb5 Qb8 11. Bf4 e5 12. Bg5 a6 13. Bxf6 gxf6 14. Nc3 b5 15.
Bb3 Na5 16. Bc2 Nc4 17. Bd3 Be6 18. Nd5 Nb6 19. Ne3 Qb7 20. Nh4 d5 21. exd5 Nxd5
22. Be4 f5 23. Nhxf5 Qd7 24. Nxd5 {Black resigns} 1-0

[Event "Team 45 45 League T76"]
[Site "Internet Chess Club"]
[Date "2018.04.10"]
[Round "3"]
[White "joaoazm"]
[Black "Gilguli"]
[Result "1-0"]
[WhiteElo "1480"]
[BlackElo "1397"]
[Opening "Réti: King's Indian attack"]
[ECO "A05"]
[Time "13:02:51"]
[TimeControl "2700+45"]

1. Nf3 Nf6 2. g3 g6 3. Bg2 Bg7 4. O-O Nc6 5. d4 d5 6. Bf4 Bf5 7. e3 h6 8. Nc3 a6
9. Nh4 Bg4 10. Bf3 Bh3 11. Bg2 Qd7 12. Bxh3 Qxh3 13. Bxc7 g5 14. Nf3 Ng4 15.
Nxd5 e5 16. Nb6 e4 17. Re1 exf3 18. Qxf3 Qxh2+ 19. Kf1 Qh3+ 20. Ke2 O-O 21. Nxa8
Bxd4 22. Rh1 Nh2 23. Rxh2 Qe6 24. Nb6 Bxb2 25. Rd1 Nd4+ 26. Rxd4 Bxd4 27. Qxb7
Re8 28. Kf1 Bc5 29. Nd5 Kg7 30. Qb2+ Kg6 31. c4 Qe4 32. Qf6+ Kh7 33. Qxh6+
{Black resigns} 1-0

[Event "Team 45 45 League T76"]
[Site "Internet Chess Club"]
[Date "2018.04.08"]
[Round "3"]
[White "BrerRabbit"]
[Black "guyd52"]
[Result "1-0"]
[WhiteElo "1453"]
[BlackElo "1271"]
[Opening "Queen's pawn, Mason variation"]
[ECO "D00"]
[Time "19:02:18"]
[TimeControl "2700+45"]

1. d4 d5 2. Bf4 Nf6 3. e3 e6 4. Nd2 h6 5. Bd3 Bd6 6. Bg3 Bxg3 7. hxg3 Nbd7 8. g4
Nh7 9. Qe2 Qe7 10. f4 f6 11. Bg6+ Kd8 12. O-O-O Ndf8 13. Bd3 a6 14. Qf3 b5 15.
Nb3 Nd7 16. Nh3 Qd6 17. Rhe1 c6 18. e4 Bb7 19. e5 Qe7 20. f5 Nhf8 21. fxe6 Nxe6
22. Bf5 fxe5 23. dxe5 Rf8 24. Qe3 Kc7 25. Nf2 a5 26. Nd4 Nxd4 27. Qxd4 c5 28.
Qf4 d4 29. e6+ Ne5 30. Qxe5+ Kb6 31. Ne4 Rad8 32. g3 Bd5 33. Rd2 a4 34. a3 Rg8
35. Nf2 g6 36. Be4 Bxe6 37. Bd5 Rxd5 38. Qxd5 Bxd5 39. Rxe7 Bf3 40. Rd3 Bg2 41.
Rd1 Rf8 42. Nd3 Bf3 43. Rf1 {Black resigns} 1-0

[Event "Team 45 45 League T76"]
[Site "Internet Chess Club"]
[Date "2018.04.06"]
[Round "3"]
[White "Conjurer"]
[Black "bardu"]
[Result "0-1"]
[WhiteElo "1267"]
[BlackElo "1329"]
[Opening "Queen's pawn: London system"]
[ECO "A45"]
[Time "15:19:02"]
[TimeControl "2700+45"]

1. d4 Nf6 2. Bf4 g6 3. e3 Bg7 4. Nf3 d6 5. h3 O-O 6. Bc4 c5 7. c3 Nc6 8. O-O Qb6
9. Bb3 c4 10. Bxc4 Qxb2 11. Qd3 Qxa1 12. Nbd2 Qb2 13. Rb1 Qa3 14. d5 Na5 15. Bb3
Nxb3 16. axb3 e5 17. dxe6 Bxe6 18. Nc4 Qa6 19. Bxd6 Bf5 20. Qd1 Rfd8 21. Rb2 Ne4
22. Nd4 Nxd6 23. Nxd6 Rxd6 {White resigns} 0-1

[Event "Team 45 45 League T76"]
[Site "Internet Chess Club"]
[Date "2018.04.08"]
[Round "3"]
[White "drsigmund1"]
[Black "kabindra"]
[Result "1-0"]
[WhiteElo "1530"]
[BlackElo "1631"]
[Opening "Queen's pawn: London system"]
[ECO "A45"]
[Time "15:00:45"]
[TimeControl "2700+45"]

1. d4 Nf6 2. Bf4 d5 3. e3 e6 4. Nf3 Bd6 5. Ne5 O-O 6. Bd3 c5 7. c3 Nc6 8. Nd2 h6
9. O-O c4 10. Bc2 Qc7 11. Ndf3 Nd7 12. Nxd7 Bxd7 13. Bg3 Rad8 14. e4 dxe4 15.
Bxe4 Bxg3 16. hxg3 b5 17. Bb1 e5 18. Qc2 f5 19. d5 Ne7 20. Rd1 Qd6 21. Qd2 Ng6
22. Qe3 f4 23. Qe4 Bf5 24. Qe2 fxg3 25. fxg3 Qc5+ 26. Kh2 Rxd5 27. Rxd5 Qxd5 28.
Bxf5 Rxf5 29. Rd1 Rh5+ 30. Nh4 Nf4 31. Qxh5 Qxg2+ 32. Nxg2 Nxh5 33. Rd5 a6 34.
Rxe5 Nf6 35. Re6 a5 36. Rb6 b4 37. cxb4 axb4 38. Rxb4 {Black resigns} 1-0

[Event "Team 45 45 League T76"]
[Site "Internet Chess Club"]
[Date "2018.04.09"]
[Round "3"]
[White "QuieroAprender"]
[Black "Ludlow"]
[Result "0-1"]
[WhiteElo "1503"]
[BlackElo "1387"]
[Opening "Caro-Kann: Hillbilly attack"]
[ECO "B10"]
[Time "15:01:00"]
[TimeControl "2700+45"]

1. e4 c6 2. Bc4 d5 3. exd5 cxd5 4. Bb3 Bf5 5. d4 e6 6. Bf4 Bd6 7. Ba4+ Nc6 8.
Bxc6+ bxc6 9. Be5 Bxe5 10. dxe5 Ne7 11. f4 O-O 12. Nf3 Qb6 13. Qc1 Ng6 14. b3
Qb4+ 15. c3 Qe4+ 16. Kf2 Nxf4 17. Qe3 Qxe3+ 18. Kxe3 Nxg2+ 19. Kf2 Nf4 20. Nbd2
Ng6 21. h4 Bg4 22. h5 Nf4 23. Kg3 Bxf3 24. Nxf3 Ne2+ 25. Kh4 Nxc3 26. Rhc1 Nb5
27. Rxc6 Rac8 28. Rac1 Rxc6 29. Rxc6 h6 30. Rc5 Rb8 31. Kg4 Rb7 32. Kf4 Kh7 33.
a4 Nc7 34. Nd4 g6 35. Kg4 Na6 36. Ra5 gxh5+ 37. Kxh5 Nb4 38. Nb5 Nc6 39. Ra6 Rb6
40. Rxb6 axb6 41. Nd6 d4 42. Nc4 d3 43. Kg4 Kg6 44. Kf4 h5 45. Ke4 h4 46. Kf4 h3
47. Kg3 Kf5 48. Kxh3 Ke4 49. Kg3 Nxe5 50. a5 bxa5 {White resigns} 0-1